 Dungeon Crawl Stone Soup version 0.22-a0-240-g539252a (webtiles) character file.

5 Amnesiac the Charlatan (level 1, -1/9 HPs)
             Began as a Spriggan Artificer on Feb 21, 2018.
             Slain by a howler monkey (7 damage)
             ... on level 4 of the Dungeon.
             The game lasted 00:01:54 (627 turns).

Amnesiac the Charlatan (Spriggan Artificer)          Turns: 627, Time: 00:01:55

Health: -1/9       AC:  2    Str:  8    XL:     1   Next: 66%
Magic:  4/4        EV: 18    Int: 12    God:
Gold:   52         SH:  0    Dex: 16    Spells: 0/0 levels left

rFire    . . .     SeeInvis +   a - +0 short sword
rCold    . . .     Gourm    .   (shield restricted)
rNeg     . . .     Faith    .   b - +0 robe
rPois    .         Spirit   .   (helmet restricted)
rElec    .         Reflect  .   (no cloak)
rCorr    .         Harm     .   (gloves unavailable)
MR       .....                  (boots unavailable)
Stlth    ++........             (no amulet)
HPRegen  0.03/turn              (no ring)
MPRegen  0.09/turn              (no ring)

@: very quick
A: very small, unfitting armour, see invisible, herbivore, speed 3, slow
metabolism 2
a: no special abilities


You were on level 4 of the Dungeon.
You were not hungry.

You visited 1 branch of the dungeon, and saw 4 of its levels.

You collected 52 gold pieces.

Inventory:

Hand Weapons
 a - a +0 short sword (weapon)
Missiles
 m - 19 sling bullets
Armour
 b - a +0 robe (worn)
Jewellery
 l - a +3 amulet of reflection {unknown}
Wands
 c - a wand of flame (15)
 d - a wand of enslavement (14)
 e - a wand of random effects (13)
Scrolls
 g - 2 scrolls of enchant armour {!r, unknown}
 i - 2 scrolls of magic mapping {!r, unknown}
 j - a scroll of blinking {!r, unknown}
 k - a scroll of identify {!r, unknown}
 n - a scroll of teleportation {!r, unknown}
Potions
 h - a potion of brilliance {!q, unknown}
Comestibles
 f - 3 rations


   Skills:
 + Level 0.9 Fighting
 + Level 1.2 Short Blades
 + Level 3.1 Dodging
 + Level 1.8 Stealth
 * Level 4.2 Evocations


You couldn't memorise any spells.
You didn't know any spells.

Dungeon Overview and Level Annotations

Branches:
Dungeon (4/15)
 Temple: D:4-7

Altars:
Hepliaklqana
Sif Muna
The Shining One


Innate Abilities, Weirdness & Mutations

You are very small and have problems with some larger weapons.
You are too small for most types of armour.
You have supernaturally acute eyesight. (SInv)
You are a herbivore.
You cover ground extremely quickly.
You need consume almost no food.


Message History

The adder skeleton bites you.
* * * LOW HITPOINT WARNING * * *
You hit the adder skeleton.
The adder skeleton is almost destroyed.
The adder skeleton completely misses you.
You swing at nothing.
You barely miss the adder skeleton.
The adder skeleton is almost destroyed.
The adder skeleton misses you.
You closely miss the adder skeleton.
The adder skeleton is almost destroyed.
The adder skeleton barely misses you.
You barely miss the adder skeleton.
The adder skeleton is almost destroyed.
The adder skeleton completely misses you.
You swing at nothing.
You hit the adder skeleton.
You destroy the adder skeleton!
Unknown command.
You start resting.
HP restored.
You start resting.
HP restored.
An orc comes into view.
An orc is nearby!
You swing at nothing.
A worker ant comes into view.
You hit the orc.
The orc is severely wounded.
The orc closely misses you.
You hit the orc.
You kill the orc!
A hound comes into view.
The hound barks!
Found 8 gold pieces.
Evoke which item? (* to show all) (? for menu, Esc to quit)
Aiming: Enslavement
Press: ? - help, Shift-Dir - straight line, f - hound
Aim: a hound (chance to defeat MR: 67%)
Okay, then.
The hound closely misses you. The hound bites you.
You see here 8 gold pieces.
The hound stops to sniff the ground.
Evoke which item? (* to show all) (? for menu, Esc to quit)
Aiming: Random Effects
Press: ? - help, Shift-Dir - straight line, f - hound
Aim: a hound The bolt of poison misses the hound.
A howler monkey comes into view.
Found a runed hand axe.
Evoke which item? (* to show all) (? for menu, Esc to quit)
Aiming: Random Effects
Press: ? - help, Shift-Dir - straight line, f/p - hound
Aim: a hound The howler monkey seems to speed up.
The howler monkey closely misses you.
Evoke which item? (* to show all) (? for menu, Esc to quit)
Aiming: Enslavement
Press: ? - help, Shift-Dir - straight line, f/p - hound
Aim: a hound (chance to defeat MR: 67%)
The howler monkey struggles to resist.
The howler monkey misses you. The howler monkey hits you!
Ouch! That really hurt!
You die...

#.# #.# #.#
####.#####
#........#
#.##.###.# . #
#.# #.# ...
#.###.#####.....
#.....hh@...#
#####.####..)...
...# ##### #####


You could see a howler monkey and a hound.

Vanquished Creatures
  An adder skeleton (D:4)
  An orc (D:4)
2 creatures vanquished.

Notes
Turn   | Place    | Note
-------+----------+-------------------------------------------
     0 | D:1      | Amnesiac the Spriggan Artificer began the quest for the Orb.
     0 | D:1      | Reached XP level 1. HP: 9/9 MP: 4/4
   298 | D:4      | Found a deep blue altar of Sif Muna.
   298 | D:4      | Found a glowing golden altar of the Shining One.
   298 | D:4      | Found a hazy altar of Hepliaklqana.
   583 | D:4      | Noticed a worker ant
   598 | D:4      | Noticed a hound
   622 | D:4      | Noticed a howler monkey
   627 | D:4      | Slain by a howler monkey

Vault maps used:
D:1:      dpeg_arrival_lava_temple_mockup, serial_bayou, serial_bayou_pond_b,
          serial_bayou_pond_e, serial_bayou_lagoon_b, serial_bayou_lake_a,
          serial_bayou_pond_b
D:2:      minmay_door_path, uniq_terence, uniq_jessica
D:3:      uniq_crazy_yiuf_cottage, uniq_natasha, uniq_grinder, uniq_robin
D:4:      gammafunk_temple_overflow_forgotten, grunt_ministairs_3

Action                   || total
-------------------------++-------
Melee: Short sword       ||    15
Evoke: Wand              ||     3
Dodge: Dodged            ||    22

Table legend:
 A = Spawn XP
 B = Non-spawn XP
 C = Spawn XP percentage of total XP
 D = Spawn monster count
 E = Non-spawn monster count
 F = Spawn count percentage of total count
 G = Total turns spent on level
                    A         B        C        D         E        F      G
               +---------+---------+-------+---------+---------+-------+---------
         Total |       0 |       8 |   0.0 |       0 |       2 |   0.0 |   627
               +---------+---------+-------+---------+---------+-------+---------
           D:4 |       0 |       8 |   0.0 |       0 |       2 |   0.0 |   360
               +---------+---------+-------+---------+---------+-------+---------
